[Event "Titled Tuesday Blitz July 4 Late 2023"]
[White "Sreyas Payyappat"]
[Black "Tsyhanchuk, Stanislav"]
[WhiteFideId "46674969"]
[BlackFideId "13505130"]
[WhiteElo "2546"]
[BlackElo "2237"]
[Result "1-0"]
[Round "1"]
[TimeControl "180+2"]
[Date "2023.07.04"]
[WhiteClock "0:00:20"]
[BlackClock "0:00:09"]
[Board "157"]

1. e4 c5 2. Nf3 d6 3. d4 cxd4 4. Nxd4 Nf6 5. Nc3 a6 6. h4 e5 7. Nb3 b5 8. f4 Nc6 9. f5 b4 10. Nd5 Nxe4 11. Be3 Rb8 12. Qf3 Nc5 13. Bxc5 dxc5 14. O-O-O Nd4 15. Qe4 Bd6 16. Nxd4 cxd4 17. Bd3 O-O 18. f6 g6 19. h5 Bf5 20. Qh4 Qd7 21. hxg6 fxg6 22. Bxf5 gxf5 23. Qg5+ Kh8 24. Ne7 Rf7 25. Ng6+ Kg8 26. Nxe5+ Rg7 27. f7+ Qxf7 28. Nxf7 Rxg5 29. Nxg5 Bf4+ 30. Kb1 Bxg5 31. Rxd4 a5 32. Rd5 a4 33. Rxf5 h6 34. Rd1 b3 35. cxb3 axb3 36. a4 Rb4 37. a5 Ra4 38. Rd3 Rg4 39. Rxb3 Rxg2 40. a6 Rg1+ 41. Ka2 Rg4 42. a7 Ra4+ 43. Ra3 Rxa7 44. Rxa7 Bd8 45. Rd5 Bg5 46. Rc5 Bd8 47. Rc8 h5 48. Rxd8# 1-0


[Site "https://www.chess.com"]

[Event "Titled Tuesday Blitz July 4 Late 2023"]
[White "SicilianPanzer"]
[Black "Kochiev, Ivan"]
[BlackFideId "2917890"]
[WhiteElo "2235"]
[BlackElo "2546"]
[Result "1/2-1/2"]
[Round "1"]
[TimeControl "180+2"]
[Date "2023.07.04"]
[WhiteClock "0:00:06"]
[BlackClock "0:00:04"]
[Board "158"]

1. Nf3 Nf6 2. c4 e6 3. d4 c5 4. g3 cxd4 5. Nxd4 a6 6. Bg2 Qc7 7. Nc3 Be7 8. O-O O-O 9. Qd3 Nc6 10. Nxc6 dxc6 11. b3 e5 12. Bb2 Be6 13. Rad1 Rfd8 14. Qc2 Rac8 15. Rxd8+ Rxd8 16. Rd1 h6 17. a3 a5 18. Na4 Rxd1+ 19. Qxd1 b5 20. cxb5 cxb5 21. Nc3 b4 22. axb4 axb4 23. Nd5 Bxd5 24. Bxd5 Qd6 25. e4 Nxe4 26. Qd3 Nf6 27. Bc4 Qxd3 28. Bxd3 Bd6 29. Bc4 Kf8 30. f3 Nd7 31. Kf2 f5 32. Ke3 Ke7 33. Ke2 Kf6 34. f4 g5 35. fxe5+ Bxe5 36. Bc1 h5 37. Bd2 Bd6 38. Bd5 h4 39. Kf3 hxg3 40. hxg3 Ne5+ 41. Kg2 Nd3 42. Bc4 Nc5 43. Be3 Nd7 44. Bd4+ Be5 45. Be3 Bc3 46. Ba7 Ke5 47. Be3 f4 48. gxf4+ gxf4 49. Bc1 Nc5 50. Kf3 Ne6 51. Bxe6 Kxe6 52. Kxf4 Kd5 53. Ke3 Bf6 54. Kd3 Be7 55. Bd2 Bf8 56. Be1 Be7 57. Bd2 Bf8 58. Be1 Be7 59. Bd2 1/2-1/2


[Site "https://www.chess.com"]

[Event "Titled Tuesday Blitz July 4 Late 2023"]
[White "Besedes, Danilo"]
[Black "Kovacevic, Radmila"]
[WhiteFideId "946796"]
[BlackFideId "933171"]
[WhiteElo "2545"]
[BlackElo "2227"]
[Result "1-0"]
[Round "1"]
[TimeControl "180+2"]
[Date "2023.07.04"]
[WhiteClock "0:01:36"]
[BlackClock "0:00:07"]
[Board "159"]

1. b3 e5 2. Bb2 Nc6 3. e3 Nf6 4. Bb5 d6 5. d4 Bd7 6. Nf3 e4 7. Nfd2 a6 8. Be2 b5 9. c4 Nb4 10. Nc3 Nd3+ 11. Bxd3 exd3 12. O-O b4 13. Nce4 Bf5 14. Ng3 Bg6 15. e4 h5 16. Re1 h4 17. Nf5 Qd7 18. Qf3 c6 19. Qxd3 Nh5 20. Qf3 Be7 21. Nxe7 Qxe7 22. e5 d5 23. cxd5 cxd5 24. Qxd5 O-O 25. Qf3 Rad8 26. d5 Qc5 27. d6 h3 28. g3 f6 29. exf6 Rxd6 30. Nc4 Rd3 31. Qg4 Be8 32. Rxe8 Rxe8 33. Qg6 Qc8 34. f7+ Kf8 35. fxe8=Q+ Qxe8 36. Qxd3 Qc6 37. Qf5+ Kg8 38. f3 g6 39. Qe4 Qc5+ 40. Bd4 Qg5 41. Re1 Nxg3 42. Qe8+ Kh7 43. Qh8# 1-0


[Site "https://www.chess.com"]

[Event "Titled Tuesday Blitz July 4 Late 2023"]
[White "Schachpanda_Youtube"]
[Black "Golubev, Mikhail"]
[BlackFideId "14100983"]
[WhiteElo "2221"]
[BlackElo "2544"]
[Result "0-1"]
[Round "1"]
[TimeControl "180+2"]
[Date "2023.07.04"]
[WhiteClock "0:00:12"]
[BlackClock "0:00:31"]
[Board "160"]

1. e4 c5 2. d4 cxd4 3. c3 dxc3 4. Nxc3 Nc6 5. Nf3 d6 6. Bc4 a6 7. O-O Nf6 8. h3 e6 9. Qe2 Be7 10. Rd1 Qc7 11. Bf4 Ne5 12. Bb3 O-O 13. Rac1 Qb8 14. Bh2 b5 15. Nd4 Bb7 16. f4 Nc4 17. e5 dxe5 18. fxe5 Nd5 19. Ne4 Nde3 20. Nd6 Bxd6 21. exd6 Nxd1 22. Rxd1 Qa7 23. Kh1 Rad8 24. Bc2 Nxd6 25. Qh5 Nf5 26. Nxf5 Rxd1+ 27. Qxd1 exf5 28. Bxf5 Qf2 29. Qg4 Re8 30. Bg3 Re1+ 31. Kh2 Qxg2# 0-1


[Site "https://www.chess.com"]

[Event "Titled Tuesday Blitz July 4 Late 2023"]
[White "Gasparyan, David"]
[Black "rikchessmx"]
[WhiteFideId "13311980"]
[WhiteElo "2543"]
[BlackElo "2221"]
[Result "1-0"]
[Round "1"]
[TimeControl "180+2"]
[Date "2023.07.04"]
[WhiteClock "0:00:50"]
[BlackClock "0:00:18"]
[Board "161"]

1. Nf3 Nf6 2. g3 g6 3. Bg2 Bg7 4. O-O d6 5. c4 Nc6 6. Nc3 O-O 7. d3 e5 8. Rb1 a5 9. a3 Ne7 10. Bd2 c6 11. b4 axb4 12. axb4 Nh5 13. b5 f5 14. Qb3 Kh8 15. Ra1 Bd7 16. Ra2 Rxa2 17. Nxa2 d5 18. Bb4 e4 19. Nd2 Be6 20. Rd1 Qc7 21. Qa3 Re8 22. cxd5 Nxd5 23. Bd6 Qd7 24. dxe4 fxe4 25. Nxe4 cxb5 26. Ng5 b4 27. Bxb4 Nhf6 28. e4 Qb5 29. exd5 Bg4 30. Nc3 Qc4 31. Bf1 Qc8 32. Rc1 Qd7 33. Bb5 Qf5 34. Bxe8 Qxg5 35. Re1 Bh3 36. Qa8 h5 37. Bxg6+ Ng8 38. Bf7 Bd4 39. Qxg8+ Qxg8 40. Bxg8 Kxg8 41. Re4 1-0


[Site "https://www.chess.com"]

[Event "Titled Tuesday Blitz July 4 Late 2023"]
[White "Thiel, Thomas"]
[Black "Tomb, Maroun"]
[WhiteFideId "4615964"]
[BlackFideId "5300398"]
[WhiteElo "2216"]
[BlackElo "2542"]
[Result "0-1"]
[Round "1"]
[TimeControl "180+2"]
[Date "2023.07.04"]
[WhiteClock "0:00:29"]
[BlackClock "0:00:44"]
[Board "162"]

1. e4 d6 2. d4 Nf6 3. Nc3 e5 4. Nf3 Nbd7 5. g4 Nxg4 6. Rg1 Ngf6 7. Bc4 h6 8. dxe5 dxe5 9. Be3 c6 10. Qe2 b5 11. Bb3 Qc7 12. O-O-O a5 13. a4 bxa4 14. Bxa4 Ba6 15. Qe1 g6 16. Nh4 Bb4 17. f3 Nc5 18. Bxc5 Bxc5 19. Nd5 Nxd5 20. exd5 Bb5 21. Bb3 O-O-O 22. Rf1 a4 23. Ba2 a3 24. b4 Bxf1 25. bxc5 Qe7 26. d6 Qg5+ 27. Kb1 Kd7 28. Qxf1 Rb8+ 29. Ka1 Qxh4 30. Qa6 Qb4 0-1


[Site "https://www.chess.com"]

[Event "Titled Tuesday Blitz July 4 Late 2023"]
[White "ArtemDyachuk"]
[Black "Gardezi, Arsal"]
[BlackFideId "30949521"]
[WhiteElo "2540"]
[BlackElo "2197"]
[Result "1-0"]
[Round "1"]
[TimeControl "180+2"]
[Date "2023.07.04"]
[WhiteClock "0:00:04"]
[BlackClock "0:00:09"]
[Board "163"]

1. e4 e5 2. Nf3 Nc6 3. Bc4 Nf6 4. O-O Bc5 5. d3 O-O 6. Nc3 d6 7. Bg5 h6 8. Bh4 Be6 9. Bb3 Nd4 10. Nxd4 Bxd4 11. Ne2 Bb6 12. c3 g5 13. Bg3 Nh5 14. Kh1 Nf4 15. d4 Bxb3 16. axb3 Nxe2 17. Qxe2 exd4 18. f4 dxc3 19. e5 dxe5 20. fxe5 cxb2 21. Rad1 Qc8 22. Qh5 Qe6 23. Rd2 Qg6 24. Qd1 Ba5 25. Rxb2 Rad8 26. Qf3 Qd3 27. Qf6 Qg6 28. Qf3 Qd3 29. Qf2 Bb6 30. Qe1 Bd4 31. Rb1 Bc3 32. Qf2 Qg6 33. Qf3 Rd3 34. Qg4 h5 35. Qe2 h4 36. Bf2 Rd2 37. Qf3 g4 38. Qxc3 Rxf2 39. Rbe1 Qf5 40. Qc4 h3 41. Rxf2 Qxf2 42. Qxg4+ Kh7 43. Qxh3+ Kg7 44. Qg4+ Kh7 45. Qe4+ f5 46. exf6+ Kh6 47. Qe7 Qxf6 48. Qe3+ Qf4 49. Qh3+ Kg6 50. Rg1 Qg5 51. Qe6+ Rf6 52. Qe4+ Qf5 53. Qxb7 Qe5 54. Qxa7 Rf5 55. Qa6+ Kf7 56. Qc4+ Ke7 57. Qg4 Rh5 58. h3 Rg5 59. Qh4 Kf7 60. Rf1+ Rf5 61. Qh5+ Ke6 62. Qxf5+ Qxf5 63. Rxf5 Kxf5 64. h4 c5 65. h5 Kg4 66. h6 Kg5 67. h7 c4 68. bxc4 1-0


[Site "https://www.chess.com"]

[Event "Titled Tuesday Blitz July 4 Late 2023"]
[White "Francisco_Ferrari"]
[Black "Storme, Isak"]
[BlackFideId "1728113"]
[WhiteElo "2196"]
[BlackElo "2540"]
[Result "0-1"]
[Round "1"]
[TimeControl "180+2"]
[Date "2023.07.04"]
[WhiteClock "0:00:00"]
[BlackClock "0:00:33"]
[Board "164"]

1. c4 c6 2. Nf3 d5 3. e3 Nf6 4. d4 e6 5. Nc3 Nbd7 6. Be2 Bd6 7. O-O O-O 8. b3 b6 9. Bb2 Bb7 10. Rc1 Qe7 11. Qc2 Rac8 12. Rfd1 Rc7 13. e4 dxe4 14. Nxe4 Nxe4 15. Qxe4 c5 16. d5 Nf6 17. Qh4 exd5 18. Bxf6 Qxf6 19. Qxf6 gxf6 20. cxd5 Re7 21. Bd3 Rfe8 22. g3 Kh8 23. Nh4 Re5 24. Bc4 a6 25. f4 Rh5 26. Re1 Rxe1+ 27. Rxe1 Bxd5 28. Re8+ Kg7 29. Be2 Rxh4 30. gxh4 Bxf4 31. Rd8 Bb7 32. Rd7 Bc8 33. Ra7 a5 34. Bc4 Kg6 35. Rxf7 b5 36. Rf8 bxc4 37. Rxc8 c3 38. Rxc5 Be3+ 39. Kf1 Bxc5 0-1


[Site "https://www.chess.com"]

[Event "Titled Tuesday Blitz July 4 Late 2023"]
[White "Fiol, Fabrice"]
[Black "Cueto, Jonny"]
[WhiteFideId "611670"]
[BlackFideId "3300145"]
[WhiteElo "2540"]
[BlackElo "2196"]
[Result "1-0"]
[Round "1"]
[TimeControl "180+2"]
[Date "2023.07.04"]
[WhiteClock "0:00:15"]
[BlackClock "0:00:36"]
[Board "165"]

1. e4 e6 2. Qe2 d5 3. exd5 Qxd5 4. Nc3 Qd8 5. Nf3 Nf6 6. b3 Be7 7. Bb2 b6 8. O-O-O Bb7 9. g4 h6 10. Rg1 Nd5 11. Nxd5 Qxd5 12. Bg2 Nc6 13. Ne5 Qd6 14. Qf3 Nxe5 15. Qxb7 Rd8 16. f4 Nd7 17. Bxg7 Rg8 18. Bxh6 Qa3+ 19. Kb1 Bf6 20. d4 a5 21. g5 Bh8 22. f5 a4 23. fxe6 fxe6 24. Bf3 axb3 25. cxb3 Ra8 26. Qxa8+ Kf7 27. Qxa3 Rd8 28. Bh5+ Kg8 29. Qe7 1-0


[Site "https://www.chess.com"]

[Event "Titled Tuesday Blitz July 4 Late 2023"]
[White "Cooper, Aaron"]
[Black "Moral Garcia, Serafin"]
[WhiteFideId "2634945"]
[BlackFideId "2201925"]
[WhiteElo "2193"]
[BlackElo "2539"]
[Result "0-1"]
[Round "1"]
[TimeControl "180+2"]
[Date "2023.07.04"]
[WhiteClock "0:00:06"]
[BlackClock "0:00:23"]
[Board "166"]

1. e4 c5 2. Nf3 e6 3. d4 cxd4 4. Nxd4 Nc6 5. Nc3 Qc7 6. Be3 a6 7. Be2 Nf6 8. O-O Bb4 9. Nxc6 Qxc6 10. Qd4 Bxc3 11. bxc3 Qxe4 12. Qxe4 Nxe4 13. Bd4 O-O 14. a4 d5 15. f3 Nd6 16. Rab1 Rd8 17. Bb6 Rd7 18. Rfd1 Kf8 19. c4 Nxc4 20. Bxc4 dxc4 21. Bc5+ Ke8 22. Rxd7 Kxd7 23. Rb4 b5 24. axb5 axb5 25. Rxb5 Ra1+ 26. Kf2 Ra2 27. Bd4 Rxc2+ 28. Kg3 f6 29. f4 Rd2 30. Be3 Rd3 31. Kf2 Ra3 32. Rc5 c3 33. Bc1 Ra2+ 34. Kf1 Rc2 35. Be3 Bb7 36. g3 Rxh2 37. Rxc3 Bd5 38. Ra3 Kc6 39. Ra7 g6 40. Bd4 f5 41. Bf6 Kc5 42. Bh4 h6 43. Rg7 Kd4 44. Ke1 Bb3 45. Rxg6 Ke3 46. Kf1 Bd5 0-1


[Site "https://www.chess.com"]

[Event "Titled Tuesday Blitz July 4 Late 2023"]
[White "Suder, Jakub"]
[Black "Sanchez, Robert"]
[WhiteFideId "1195310"]
[BlackFideId "2034360"]
[WhiteElo "2538"]
[BlackElo "2183"]
[Result "0-1"]
[Round "1"]
[TimeControl "180+2"]
[Date "2023.07.04"]
[WhiteClock "0:00:04"]
[BlackClock "0:00:39"]
[Board "167"]

1. d4 Nf6 2. c4 e6 3. Nc3 Bb4 4. f3 d5 5. a3 Be7 6. e4 dxe4 7. fxe4 e5 8. d5 Bc5 9. Nf3 Nbd7 10. b4 Be7 11. Bd3 a5 12. Rb1 O-O 13. O-O b6 14. Kh1 h6 15. Be3 axb4 16. axb4 Ra3 17. Qc1 Ra8 18. Ne2 Bb7 19. Ng3 Ng4 20. Bg1 c6 21. h3 Ngf6 22. Nf5 Nh7 23. h4 cxd5 24. exd5 Ra2 25. d6 Bf6 26. Nxh6+ gxh6 27. Qxh6 e4 28. Rbd1 Bg7 29. Qf4 exd3 30. Rxd3 Qf6 31. Qc1 Qg6 32. Qb1 Qxg2# 0-1


[Site "https://www.chess.com"]

[Event "Titled Tuesday Blitz July 4 Late 2023"]
[White "Hartikainen, Jarmo"]
[Black "Shubenkova, Veronika"]
[WhiteFideId "503134"]
[BlackFideId "44124040"]
[WhiteElo "2171"]
[BlackElo "2537"]
[Result "0-1"]
[Round "1"]
[TimeControl "180+2"]
[Date "2023.07.04"]
[WhiteClock "0:00:05"]
[BlackClock "0:02:08"]
[Board "168"]

1. e4 e6 2. d4 d5 3. Nd2 Nf6 4. e5 Nfd7 5. Bd3 c5 6. c3 Nc6 7. Ne2 Be7 8. f4 a6 9. O-O b5 10. Nf3 Qb6 11. Be3 g6 12. b3 Bb7 13. a4 b4 14. Rc1 bxc3 15. Nxc3 cxd4 16. Nxd4 Nxd4 17. Bb1 Bc5 18. a5 Qa7 19. Kh1 Nf5 20. Bxc5 Nxc5 21. Bxf5 gxf5 22. b4 Ne4 23. Na4 Nf2+ 24. Rxf2 Qxf2 25. Nc5 Bc6 26. Nxe6 fxe6 27. Rxc6 O-O 28. Rxe6 Kh8 29. Re7 Qh4 30. h3 Qxe7 0-1


[Site "https://www.chess.com"]

[Event "Titled Tuesday Blitz July 4 Late 2023"]
[White "Osmak, Yuliia"]
[Black "Vila Dupla, Aurelio"]
[WhiteFideId "14101602"]
[BlackFideId "2203383"]
[WhiteElo "2537"]
[BlackElo "2164"]
[Result "1-0"]
[Round "1"]
[TimeControl "180+2"]
[Date "2023.07.04"]
[WhiteClock "0:00:18"]
[BlackClock "0:00:00"]
[Board "169"]

1. Nf3 Nf6 2. g3 g6 3. Bg2 Bg7 4. O-O O-O 5. c4 c6 6. d4 d5 7. b3 dxc4 8. bxc4 c5 9. Bb2 Ne4 10. Nbd2 Nxd2 11. Qxd2 Nc6 12. d5 Nb8 13. e4 Bg4 14. Bxg7 Kxg7 15. Ne5 Bc8 16. f4 f6 17. Nd3 Na6 18. e5 Bf5 19. Rae1 Bxd3 20. Qxd3 Nb4 21. Qb3 fxe5 22. Rxe5 Qc7 23. Rfe1 Rf7 24. a3 Na6 25. Qe3 Re8 26. h4 Nb8 27. h5 gxh5 28. Rxh5 Nd7 29. Bh3 Nf6 30. Rg5+ Kf8 31. Be6 Rg7 32. Qf3 Qd6 33. Ree5 Qb6 34. Rxg7 Kxg7 35. Rg5+ Kh8 36. Qc3 Qb1+ 37. Kg2 Qe4+ 38. Kh2 Qe2+ 39. Kh3 Qf1+ 40. Kh4 Qh1+ 41. Bh3 Rg8 42. Qe5 Rg6 43. Rxg6 hxg6 44. d6 1-0


[Site "https://www.chess.com"]

[Event "Titled Tuesday Blitz July 4 Late 2023"]
[White "Oliveira, Tiago Batista"]
[Black "Poltorak, Sebastian"]
[WhiteFideId "2108291"]
[BlackFideId "1199498"]
[WhiteElo "2161"]
[BlackElo "2534"]
[Result "0-1"]
[Round "1"]
[TimeControl "180+2"]
[Date "2023.07.04"]
[WhiteClock "0:00:19"]
[BlackClock "0:00:16"]
[Board "170"]

1. d4 Nf6 2. c4 g6 3. Nc3 d5 4. cxd5 Nxd5 5. e4 Nxc3 6. bxc3 c5 7. Be3 Bg7 8. Qd2 Qa5 9. Rc1 cxd4 10. cxd4 Qxd2+ 11. Kxd2 O-O 12. Nf3 Rd8 13. Bc4 Bg4 14. d5 Bxf3 15. gxf3 Nd7 16. f4 e6 17. Ke2 exd5 18. Bxd5 Nf6 19. Bxb7 Rab8 20. Rc7 Bf8 21. e5 Ne8 22. Rhc1 Nxc7 23. Rxc7 Re8 24. Bxa7 Rbd8 25. Kf3 Re7 26. Rxe7 Bxe7 27. Be4 Rd7 28. Bb6 Bd8 29. Bc5 Rc7 30. Bd6 Rc3+ 31. Kg4 h5# 0-1


[Site "https://www.chess.com"]

[Event "Titled Tuesday Blitz July 4 Late 2023"]
[White "Tikhonov, Viacheslav"]
[Black "Novikova, Margarita"]
[WhiteFideId "44196407"]
[BlackFideId "14109689"]
[WhiteElo "2534"]
[BlackElo "2145"]
[Result "1-0"]
[Round "1"]
[TimeControl "180+2"]
[Date "2023.07.04"]
[WhiteClock "0:00:31"]
[BlackClock "0:01:29"]
[Board "171"]

1. d4 e5 2. dxe5 Nc6 3. Nf3 Qe7 4. Qd5 Nb4 5. Qb3 Nc6 6. Bf4 Qb4+ 7. Bd2 Qxb3 8. axb3 Nge7 9. Bc3 Ng6 10. Nbd2 Bc5 11. e3 O-O 12. Ne4 Bb6 13. Bb5 Re8 14. Bxc6 bxc6 15. O-O d5 16. Ned2 Bf5 17. Rfc1 Rad8 18. b4 c5 19. bxc5 Bxc5 20. Nb3 Bb6 21. Bd4 Rb8 22. h3 Be4 23. Nfd2 Nxe5 24. Nxe4 dxe4 25. Rd1 Nc4 26. Bxb6 axb6 27. Ra2 Nd6 28. Nd4 g6 29. Nc6 Ra8 30. Rda1 Rxa2 31. Rxa2 Kg7 32. b3 Nb5 33. c4 Nd6 34. Ra7 Rc8 35. Ne7 Re8 36. Rxc7 Kf6 37. Nd5+ Kg5 38. Nxb6 Rb8 39. c5 Nb5 40. Rxf7 h5 41. b4 Nc3 42. g3 h4 43. gxh4+ Kxh4 44. Kg2 Kg5 45. f4+ exf3+ 46. Kxf3 Nb5 47. Nd7 Rd8 48. c6 Nc7 49. Nc5 Nd5 50. Ne6+ Kh6 51. Nxd8 Nb6 52. c7 1-0


[Site "https://www.chess.com"]

[Event "Titled Tuesday Blitz July 4 Late 2023"]
[White "Osmonbekov, Talaibek"]
[Black "ArchibaldCerveza29"]
[WhiteFideId "2017253"]
[WhiteElo "2136"]
[BlackElo "2533"]
[Result "1-0"]
[Round "1"]
[TimeControl "180+2"]
[Date "2023.07.04"]
[WhiteClock "0:00:14"]
[BlackClock "0:00:07"]
[Board "172"]

1. d4 d5 2. Bf4 c5 3. e3 Nc6 4. Nc3 a6 5. Nf3 Nf6 6. Ne5 e6 7. f3 cxd4 8. exd4 Qb6 9. Nxc6 bxc6 10. Na4 Qa5+ 11. c3 Bd7 12. Qb3 c5 13. Qb7 Rd8 14. Nb6 cxd4 15. Nxd7 Rxd7 16. Qxa6 Qxa6 17. Bxa6 dxc3 18. bxc3 Ra7 19. Bb5+ Kd8 20. a4 Bc5 21. a5 Ke7 22. a6 Rc8 23. Kd2 d4 24. cxd4 Bb4+ 25. Kd1 Nd5 26. Bd2 Nc3+ 27. Bxc3 Rxc3 28. Re1 Rcc7 29. Re2 Bc3 30. Ra4 Kd6 31. Rc2 f6 32. Ke2 e5 33. dxe5+ Bxe5 34. Rxc7 Kxc7 35. Bd3 Kb6 36. g3 h6 37. f4 Bd6 38. Kf3 Bc5 39. Kg4 Re7 40. Be4 Ra7 41. Bb7 g6 42. h4 f5+ 43. Kf3 Kc7 44. Rc4 Kd6 45. Rc2 Kc7 46. Re2 Kb6 47. Re6+ Ka5 48. Rxg6 Kb4 49. Rxh6 Bd4 50. Rh7 Kc3 51. Rf7 Kd2 52. Rxf5 Kc3 53. h5 Kd2 54. h6 Ke1 55. h7 Bf2 56. h8=Q Kf1 57. Qh1+ Bg1 58. Qg2+ Ke1 59. Qxg1+ Kd2 60. Qe3+ Kc2 61. Rc5+ Kb2 62. Qc3+ Kb1 63. Qc2+ Ka1 64. Ra5# 1-0


[Site "https://www.chess.com"]

[Event "Titled Tuesday Blitz July 4 Late 2023"]
[White "Rottenwohrer Suarez, Juan"]
[Black "campochess"]
[WhiteFideId "32068182"]
[WhiteElo "2533"]
[BlackElo "2126"]
[Result "1-0"]
[Round "1"]
[TimeControl "180+2"]
[Date "2023.07.04"]
[WhiteClock "0:00:07"]
[BlackClock "0:00:48"]
[Board "173"]

1. Nf3 c5 2. g3 Nc6 3. Bg2 g6 4. O-O Bg7 5. c4 d6 6. Nc3 Nf6 7. d4 cxd4 8. Nxd4 Bd7 9. Nb3 O-O 10. c5 Be6 11. cxd6 exd6 12. Bf4 Ne5 13. Bxb7 Rb8 14. Bg2 Nc4 15. Qc2 Ng4 16. Rad1 Qb6 17. Nd5 Bxd5 18. Bxd5 Nxb2 19. Rd2 Rbc8 20. Qb1 Na4 21. Bxd6 Rfd8 22. Be7 Rxd5 23. Rxd5 Nc3 24. Qd3 Nxd5 25. Qxd5 Qe6 26. Qxe6 fxe6 27. Rc1 Rc3 28. Rxc3 Bxc3 29. Bc5 a5 30. a4 Nf6 31. Bb6 Nd5 32. Bc5 Bb4 33. Bd4 Nb6 34. Bxb6 Kf7 35. Bxa5 Bd6 36. e3 e5 37. Kg2 Ke6 38. h4 h5 39. Bb6 Kd5 40. a5 Kc6 41. Nd2 Bb4 42. Ne4 Kd5 43. Ng5 Kc6 44. Kf3 Kd5 45. Ke2 Kc6 46. f4 exf4 47. exf4 Kb5 48. Ne6 Bc3 49. Kd3 Be1 50. Ke4 Bxg3 51. Nf8 Bxh4 52. Nxg6 Be1 53. f5 h4 54. f6 Bb4 55. f7 h3 56. Kf3 Bd6 57. f8=Q Bxf8 58. Nxf8 h2 59. Kg2 h1=Q+ 60. Kxh1 1-0


[Site "https://www.chess.com"]

[Event "Titled Tuesday Blitz July 4 Late 2023"]
[White "Sailer, Mike"]
[Black "WindWhistler11"]
[WhiteFideId "2012901"]
[WhiteElo "2123"]
[BlackElo "2532"]
[Result "0-1"]
[Round "1"]
[TimeControl "180+2"]
[Date "2023.07.04"]
[WhiteClock "0:00:00"]
[BlackClock "0:00:30"]
[Board "174"]

1. d4 Nf6 2. Nc3 e6 3. Bf4 a6 4. e4 d5 5. e5 Nfd7 6. Nf3 c5 7. Be2 Nc6 8. O-O cxd4 9. Nb1 Qb6 10. Qc1 Be7 11. Nbd2 Bd8 12. Re1 Bc7 13. Bd3 Nc5 14. Nb3 Nxb3 15. axb3 Bd7 16. Qd2 h6 17. h3 Qc5 18. Bh2 g5 19. Rac1 Ba5 20. c3 dxc3 21. bxc3 Qa7 22. b4 Bc7 23. c4 dxc4 24. Bxc4 O-O-O 25. Qe2 Nxb4 26. Rb1 Nc6 27. Rec1 Na5 28. Bd3 Bc6 29. Kh1 Rd7 30. Be4 Bxe4 31. Qxe4 Kb8 32. Bg1 Bb6 33. Rc2 Rc8 34. Rcb2 Nc4 35. Rb4 Rdc7 36. Qe2 a5 37. Rb5 a4 38. Ne1 Rc5 39. R5b2 Rxe5 40. Qd1 Rd5 41. Qc2 a3 42. Rb4 Rd2 43. Qb3 a2 44. Ra1 Rb2 45. Qc3 Bd4 46. Qxd4 Qxd4 0-1


[Site "https://www.chess.com"]

[Event "Titled Tuesday Blitz July 4 Late 2023"]
[White "Prem, Pranav"]
[Black "Cardenas Carbajal, Nilson"]
[WhiteFideId "30901057"]
[BlackFideId "8401128"]
[WhiteElo "2532"]
[BlackElo "2111"]
[Result "1-0"]
[Round "1"]
[TimeControl "180+2"]
[Date "2023.07.04"]
[WhiteClock "0:00:25"]
[BlackClock "0:00:00"]
[Board "175"]

1. d4 Nf6 2. c4 g6 3. Nc3 d5 4. cxd5 Nxd5 5. e4 Nxc3 6. bxc3 Bg7 7. Bc4 c5 8. Ne2 Nc6 9. Be3 O-O 10. O-O Bg4 11. f3 Na5 12. Bd3 cxd4 13. cxd4 Be6 14. d5 Bxa1 15. Qxa1 f6 16. Bh6 Re8 17. Qd4 Bd7 18. e5 Qb6 19. Qxb6 axb6 20. e6 Ba4 21. Nc3 b5 22. Bxb5 Bxb5 23. Nxb5 Rec8 24. d6 exd6 25. Nxd6 Rc6 26. Rd1 Nc4 27. Nxc4 Rxc4 28. Rd7 Re8 29. Rg7+ Kh8 30. Rxb7 Rc6 31. e7 Re6 32. Bf8 Kg8 33. a4 Ra6 34. Rb4 Kf7 35. Rh4 h5 36. Rd4 g5 37. Kf2 Re6 38. a5 Ra6 39. Rd5 Ke6 40. Rb5 1-0


[Site "https://www.chess.com"]

[Event "Titled Tuesday Blitz July 4 Late 2023"]
[White "Mangialardo, Tiago Carvalho"]
[Black "Khandelwal, Ankush"]
[WhiteFideId "2130718"]
[BlackFideId "413470"]
[WhiteElo "2103"]
[BlackElo "2531"]
[Result "1-0"]
[Round "1"]
[TimeControl "180+2"]
[Date "2023.07.04"]
[WhiteClock "0:00:09"]
[BlackClock "0:00:44"]
[Board "176"]

1. e4 c5 2. Nf3 d6 3. Bb5+ Bd7 4. Bxd7+ Qxd7 5. O-O Nc6 6. c3 Nf6 7. Qe2 e5 8. d4 exd4 9. cxd4 cxd4 10. Rd1 Qg4 11. Qb5 Rb8 12. h3 Qd7 13. Nxd4 Nxd4 14. Qxd7+ Kxd7 15. Rxd4 Ke6 16. Bf4 Be7 17. Nc3 Rhc8 18. Rad1 Rc6 19. Nd5 Rd8 20. b4 Bf8 21. b5 Rc2 22. a4 h6 23. Nxf6 gxf6 24. Rc1 Rdc8 25. Rcd1 Rc1 26. Rxc1 Rxc1+ 27. Bxc1 1-0


[Site "https://www.chess.com"]

[Event "Titled Tuesday Blitz July 4 Late 2023"]
[White "Tan, Ralph"]
[Black "Curtis, John"]
[WhiteFideId "30966590"]
[BlackFideId "3200256"]
[WhiteElo "2531"]
[BlackElo "2100"]
[Result "0-1"]
[Round "1"]
[TimeControl "180+2"]
[Date "2023.07.04"]
[WhiteClock "0:00:19"]
[BlackClock "0:00:17"]
[Board "177"]

1. Nf3 d5 2. g3 c6 3. Bg2 h6 4. O-O Bf5 5. c4 e6 6. d4 Nf6 7. Nc3 Be7 8. b3 Qa5 9. Bb2 Ba3 10. Bxa3 Qxa3 11. Ne5 O-O 12. Re1 Rd8 13. cxd5 exd5 14. Na4 Nbd7 15. Nd3 Bxd3 16. Qxd3 Re8 17. e3 Re7 18. Rec1 Rae8 19. h3 g6 20. Nc3 Kg7 21. Rab1 Qd6 22. b4 a6 23. Na4 Ne4 24. Nc5 Ndxc5 25. bxc5 Qb8 26. Bxe4 dxe4 27. Qc3 Kh7 28. Rb6 Qc8 29. Kh2 Rd8 30. Rcb1 Rd5 31. Qe1 Rh5 32. Qf1 Rf5 33. Qg2 h5 34. h4 Rf3 35. R6b2 Rc7 36. Rd1 Qf5 37. Rbd2 Re7 38. d5 cxd5 39. Rxd5 Re5 40. Rxe5 Qxe5 41. Rd4 Qxc5 42. Rxe4 Rf6 43. Rf4 Rxf4 44. exf4 Qc6 45. Qxc6 bxc6 46. Kg2 f5 47. Kf3 Kg7 48. Ke3 Kf6 49. Kd4 Ke6 50. Kc5 Kd7 51. a3 Kc7 52. a4 a5 53. f3 Kb7 54. Kd6 Kb6 55. g4 fxg4 56. fxg4 hxg4 57. f5 g3 58. f6 g2 59. f7 g1=Q 60. f8=Q Qd4+ 61. Ke6 Qe4+ 62. Kf7 Qf5+ 63. Kg8 Qxf8+ 64. Kxf8 c5 65. Kf7 c4 66. Kxg6 c3 67. h5 c2 68. h6 c1=Q 69. h7 Qc2+ 70. Kg7 Qxa4 71. h8=Q Qa1+ 72. Kg8 Qxh8+ 73. Kxh8 a4 74. Kg7 a3 75. Kf6 a2 76. Ke5 a1=Q+ 77. Ke4 Kc6 78. Kd3 Qa4 79. Kc3 Kd5 80. Kb2 Kd4 81. Kb1 Ke3 82. Kb2 Kd2 83. Kb1 Qb3+ 84. Ka1 Qb8 85. Ka2 Kc3 86. Ka1 Qb2# 0-1


[Site "https://www.chess.com"]

[Event "Titled Tuesday Blitz July 4 Late 2023"]
[White "Tsukerman, Julia"]
[Black "Bagrationi, Alexander"]
[WhiteFideId "2621649"]
[BlackFideId "14104954"]
[WhiteElo "2089"]
[BlackElo "2529"]
[Result "0-1"]
[Round "1"]
[TimeControl "180+2"]
[Date "2023.07.04"]
[WhiteClock "0:00:06"]
[BlackClock "0:02:30"]
[Board "178"]

1. e4 c6 2. d4 d5 3. exd5 cxd5 4. Bd3 Nc6 5. c3 g6 6. Nf3 Bg7 7. Bf4 Nh6 8. Qc1 Nf5 9. O-O O-O 10. Re1 b6 11. Nbd2 Bb7 12. Qc2 Nd6 13. Ne5 f6 14. Nxc6 Bxc6 15. Nf3 Nf7 16. h4 Re8 17. h5 e5 18. dxe5 fxe5 19. hxg6 hxg6 20. Bxg6 exf4 21. Bh7+ Kf8 22. Qg6 Qf6 23. Qg4 Rad8 24. Nd4 Bd7 25. Qh5 Qg5 26. Qh3 Bxh3 0-1


[Site "https://www.chess.com"]

[Event "Titled Tuesday Blitz July 4 Late 2023"]
[White "ElDivis"]
[Black "Winkels, Marcel"]
[BlackFideId "1003887"]
[WhiteElo "2526"]
[BlackElo "2081"]
[Result "1-0"]
[Round "1"]
[TimeControl "180+2"]
[Date "2023.07.04"]
[WhiteClock "0:02:00"]
[BlackClock "0:00:28"]
[Board "179"]

1. Nf3 Nf6 2. c4 g6 3. Nc3 d5 4. Qa4+ Bd7 5. Qb3 Bc6 6. cxd5 Nxd5 7. Ne5 Bg7 8. Nxc6 bxc6 9. e4 Nxc3 10. bxc3 O-O 11. h4 Nd7 12. h5 Nc5 13. Qc4 Ne6 14. hxg6 fxg6 15. Qxe6+ 1-0


[Site "https://www.chess.com"]